 Dungeon Crawl Stone Soup version 0.31-a0-145-g046c7d2549 (webtiles) character file.

Game seed: 5611175113566050235

744 qw the Skirmisher (level 7, -2/61 HPs)
             Began as a Minotaur Hunter on June 7, 2023.
             Was an Initiate of Okawaru.
             Slain by Edmund
             ... wielding a +0 dire flail of protection
              (7 damage)
             ... on level 5 of the Dungeon.
             The game lasted 00:01:31 (4074 turns).

qw the Skirmisher (Minotaur Hunter)                 Turns: 4074, Time: 00:01:31

Health: -2/61      AC:  3    Str: 16    XL:     7   Next: 47%
Magic:  6/7        EV: 17    Int:  6    God:    Okawaru [......]
Gold:   29         SH:  0    Dex: 15    Spells: 6/6 levels left

rFire   . . .        Y - +0 shortbow
rCold   + . .        (shield currently unavailable)
rNeg    . . .        c - +0 leather armour
rPois   .            (helmet restricted)
rElec   .            (no cloak)
rCorr   .            (no gloves)
SInv    .            (no boots)
Will    .....        (no amulet)
Stlth   +            i - ring of protection from cold
HPRegen 0.30/turn    n - +5 ring of evasion
MPRegen 0.10/turn

%: no passive effects
@: about to teleport
A: horns 2, retaliatory headbutt
a: Renounce Religion


You were on level 5 of the Dungeon.
You worshipped Okawaru.
Okawaru was noncommittal.
You visited 1 branch of the dungeon, and saw 5 of its levels.

You collected 198 gold pieces.
You spent 169 gold pieces at shops.


Innate Abilities, Weirdness & Mutations

You have a pair of horns on your head.
You reflexively headbutt those who attack you in melee.


   Skills:
 - Level 5.1 Fighting
 - Level 8.4 Ranged Weapons
 + Level 0.1 Armour
 - Level 3.3 Dodging
 - Level 0.7 Stealth
 - Level 2.3 Invocations


You had 6 spell levels left.
You didn't know any spells.
Your spell library was empty.

Inventory:

Hand Weapons
 Y - a +0 shortbow (weapon)
Armour
 c - a +0 leather armour (worn)
 d - a scarf of invisibility
 g - a +0 pair of gloves
Jewellery
 i - a ring of protection from cold (left hand)
 n - a +5 ring of evasion (right hand)
Scrolls
 b - a scroll of identify
Potions
 a - a potion of resistance
 f - a potion of curing
 j - a potion of invisibility {unknown}
 k - a potion of ambrosia {unknown}
 l - a potion of lignification {unknown}

Dungeon Overview and Level Annotations

Branches:
Dungeon (5/15)             Temple (0/1) D:5

Altars:
Cheibriados
Elyvilon
Okawaru
Wu Jian
Xom
The Shining One

Shops:
D:3 *   D:4 *

Annotations:
D:3 1 runed translucent door, Crazy Yiuf
D:4 2 transporters, qw's ghost, amateur GrFi
D:5 Edmund


Message History

Edmund barely misses you.
You shoot an arrow.
The arrow hits Edmund but does no damage.
Edmund is heavily wounded.
You shoot an arrow.
The arrow hits Edmund but does no damage.
Edmund is heavily wounded.
Edmund closely misses you.
You shoot an arrow. The arrow closely misses Edmund.
Edmund misses you.
You shoot an arrow. The arrow barely misses Edmund.
You shoot an arrow.
The arrow hits Edmund but does no damage.
Edmund is heavily wounded.
Edmund hits you with a +0 dire flail of protection!
You shoot an arrow. The arrow hits Edmund.
Edmund is heavily wounded.
You feel like a meek peon again.
Edmund hits you with a +0 dire flail of protection.
You shoot an arrow. The arrow hits Edmund.
Edmund is severely wounded.
Edmund hits you with a +0 dire flail of protection!
You shoot an arrow. The arrow hits Edmund.
Edmund is severely wounded.
Edmund hits you with a +0 dire flail of protection!
You shoot an arrow.
The arrow hits Edmund but does no damage.
Edmund is severely wounded.
Edmund closely misses you.
You shoot an arrow.
The arrow hits Edmund but does no damage.
Edmund is severely wounded.
Edmund hits you with a +0 dire flail of protection!
4073 ||| READING scroll of teleportation.
As you read the scroll of teleportation, it crumbles to dust.
You feel strangely unstable.
Edmund hits you with a +0 dire flail of protection!
You shoot an arrow. The arrow closely misses Edmund.
Edmund hits you with a +0 dire flail of protection!
You die...

###### #....# #.##.#
#.##.#########
#.##.........#
#.##########.#
...########.# #.#
......@@?...# ######.#
#################.......
.........>....#.
####....#.##...#
#.##.#.##.#.. #
#.#....### #.#.####
#.#.# #.#.#


You could see Edmund.

Vanquished Creatures
  Sigmund (D:4)
  3 ogres
  A scorpion (D:4)
  A hound (D:4)
  An iguana (D:4)
  7 adders
  7 gnolls
  2 white imps
  A worm (D:3)
  3 dart slugs
  3 orcs
  7 ball pythons
  4 endoplasms
  8 giant cockroaches
  10 goblins
  9 hobgoblins
  6 jackals (D:1)
  5 kobolds
  5 bats
  2 frilled lizards (D:1)
  3 rats
89 creatures vanquished.

Notes
Turn   | Place    | Note
-------+----------+-------------------------------------------
     0 | D:1      | qw the Minotaur Hunter began the quest for the Orb.
     0 | D:1      | Reached XP level 1. HP: 18/18 MP: 0/0
     0 | D:1      | 0 ||| qw: Version: 0.2-a-117-gc6b5c8b
     0 | D:1      | 0 ||| qw: Game counter: 2411
     0 | D:1      | 0 ||| qw: Always use a shield: true
     0 | D:1      | 0 ||| qw: God list: Okawaru
     0 | D:1      | 0 ||| qw: Allow faded altars: false
     0 | D:1      | 0 ||| qw: Do Orc after D:15 true
     0 | D:1      | 0 ||| qw: Do second Lair branch before Depths: true
     0 | D:1      | 0 ||| qw: Lair rune preference: random
     0 | D:1      | 0 ||| qw: Plans: Normal
     0 | D:1      | 0 ||| PLANNING D:1-11
   102 | D:1      | Reached XP level 2. HP: 24/25 MP: 1/1
   160 | D:1      | Reached skill level 5 in Ranged Weapons
   173 | D:1      | Reached skill level 3 in Fighting
   308 | D:1      | Reached XP level 3. HP: 31/31 MP: 2/2
   488 | D:1      | Found a faded altar of an unknown god.
   600 | D:1      | 600 ||| DROPPING ring of magical power.
   601 | D:1      | 601 ||| READING scroll labelled ISHROXZ NISEUT.
   602 | D:1      | 602 ||| DRINKING 2 silvery potions.
   603 | D:1      | 603 ||| DROPPING scroll of butterflies.
   604 | D:1      | 604 ||| DROPPING potion of degeneration.
  1373 | D:2      | 1373 ||| UPGRADING to ring of protection from cold.
  1374 | D:2      | 1374 ||| READING scroll labelled RAPSAED VYNUM.
  1378 | D:2      | 1378 ||| READING scroll labelled ISUM VATSI.
  1379 | D:2      | 1379 ||| READING 2 scrolls labelled LETOHE APSOMUS.
  1380 | D:2      | 1380 ||| READING 3 scrolls of identify.
  1380 | D:2      | 1380 ||| IDENTIFYING purple potion
  1381 | D:2      | 1381 ||| READING 2 scrolls of identify.
  1381 | D:2      | 1381 ||| IDENTIFYING bubbling emerald potion
  1382 | D:2      | 1382 ||| DROPPING scroll of blinking.
  1478 | D:3      | Reached skill level 6 in Ranged Weapons
  1478 | D:3      | Reached XP level 4. HP: 38/38 MP: 3/3
  1560 | D:3      | Found a white marble altar of Elyvilon.
  1560 | D:3      | Found a shimmering altar of Xom.
  1560 | D:3      | Found an iron altar of Okawaru.
  1561 | D:3      | 1561 ||| PLANNING OKAWARU WORSHIP
  1567 | D:3      | Became a worshipper of Warmaster Okawaru
  1567 | D:3      | 1567 ||| PLANNING D:1-11
  1859 | D:3      | Found a runed translucent door.
  1860 | D:3      | Noticed Crazy Yiuf
  1933 | D:3      | Found Yggaumumi's Assorted Antiques.
  1938 | D:3      | 1938 ||| BUYING 2 blue potions (45 gold).
  1938 | D:3      | Bought 2 blue potions for 45 gold pieces
  1938 | D:3      | 1938 ||| BUYING golden potion (22 gold).
  1938 | D:3      | Bought a golden potion for 22 gold pieces
  1938 | D:3      | 1938 ||| SHOPLISTING runed sling (112 gold, have 20).
  1938 | D:3      | 1938 ||| SHOPLISTING scroll of identify (50 gold, have 20).
  1938 | D:3      | 1938 ||| SHOPLISTING wand of digging (5) (525 gold, have
                  | 20).
  2411 | D:3      | 2411 ||| DROPPING amulet of guardian spirit.
  2412 | D:3      | 2412 ||| DROPPING +6 ring of intelligence.
  2413 | D:3      | 2413 ||| UPGRADING to ring of protection from cold.
  2414 | D:3      | 2414 ||| UPGRADING to +5 ring of evasion.
  2416 | D:3      | 2416 ||| DROPPING ring of protection from cold.
  2417 | D:3      | 2417 ||| DRINKING 2 blue potions.
  2418 | D:3      | 2418 ||| DROPPING potion of brilliance.
  2500 | D:4      | 2500 ||| READING scroll labelled VAAKEF MUREANT.
  2513 | D:4      | Reached XP level 5. HP: 40/46 MP: 4/4
  2520 | D:4      | 2520 ||| FLEEEEING.
  2674 | D:4      | Noticed an ogre
  2680 | D:4      | Killed an ogre
  2681 | D:4      | Reached skill level 7 in Ranged Weapons
  2681 | D:4      | Reached XP level 6. HP: 52/52 MP: 5/5
  2702 | D:4      | Noticed Sigmund
  2704 | D:4      | 2704 ||| FLEEEEING.
  2705 | D:4      | 2705 ||| FLEEEEING.
  2732 | D:4      | HP: 10/52 [something/puff of flame (7)]
  2733 | D:4      | HP: 4/52 [something/magic dart (6)]
  2735 | D:4      | Killed Sigmund
  2735 | D:4      | Reached * piety under Okawaru
  2736 | D:4      | Reached skill level 8 in Ranged Weapons
  3092 | D:4      | Found an ornate altar of the Wu Jian Council.
  3096 | D:4      | 3096 ||| INVOKING Heroism.
  3109 | D:4      | 3109 ||| INVOKING Heroism.
  3116 | D:4      | Reached skill level 1 in Invocations
  3116 | D:4      | Reached XP level 7. HP: 60/60 MP: 2/7
  3551 | D:4      | 3551 ||| INVOKING Heroism.
  3552 | D:4      | Identified the +4 dire flail of the Shouting Gods {freeze,
                  | Fragile rC+ rN+}
  3570 | D:4      | Noticed qw's ghost (amateur GrFi)
  3604 | D:4      | Found a transporter.
  3608 | D:4      | Found a transporter.
  3624 | D:4      | Found Cemnank's Assorted Antiques.
  3631 | D:4      | 3631 ||| SHOPLISTING embroidered scarf (216 gold, have
                  | 128).
  3631 | D:4      | 3631 ||| SHOPLISTING heavily runed leather armour (189
                  | gold, have 128).
  3631 | D:4      | 3631 ||| BUYING murky amethyst potion (24 gold).
  3631 | D:4      | Bought a murky amethyst potion for 24 gold pieces
  3631 | D:4      | 3631 ||| BUYING orange potion (24 gold).
  3631 | D:4      | Bought an orange potion for 24 gold pieces
  3631 | D:4      | 3631 ||| BUYING scroll of identify (54 gold).
  3631 | D:4      | Bought a scroll of identify for 54 gold pieces
  3631 | D:4      | 3631 ||| SHOPLISTING scroll of teleportation (81 gold, have
                  | 26).
  3727 | D:4      | 3727 ||| READING scroll labelled JUHIFI QIBBE.
  3728 | D:4      | 3728 ||| DRINKING 2 orange potions.
  3729 | D:4      | 3729 ||| READING 2 scrolls of identify.
  3729 | D:4      | 3729 ||| IDENTIFYING coppery potion
  3730 | D:4      | 3730 ||| DROPPING potion of enlightenment.
  3742 | D:5      | Entered Level 5 of the Dungeon
  3750 | D:5      | Found a snail-covered altar of Cheibriados.
  3773 | D:5      | Found a staircase to the Ecumenical Temple.
  3816 | D:5      | 3816 ||| INVOKING Heroism.
  3833 | D:5      | Reached skill level 3 in Dodging
  3835 | D:5      | 3835 ||| INVOKING Heroism.
  3835 | D:5      | HP: 7/61 [orc priest/divine providence (12)]
  3836 | D:5      | 3836 ||| READING 2 scrolls of teleportation.
  3837 | D:5      | 3837 ||| DRINKING potion of heal wounds.
  4016 | D:5      | Found a glowing golden altar of the Shining One.
  4051 | D:5      | Noticed Edmund
  4052 | D:5      | 4052 ||| INVOKING Heroism.
  4072 | D:5      | HP: 13/61 [Edmund/+0 dire flail of protection (14)]
  4073 | D:5      | 4073 ||| READING scroll of teleportation.
  4073 | D:5      | HP: 4/61 [Edmund/+0 dire flail of protection (9)]
  4074 | D:5      | Slain by Edmund

Levels and vault maps discovered:
D:1:      dpeg_arrival_stonehenge_8_columns, layout_rooms,
          shapermc_ecumenical_altar_notcrosses, minmay_misc_feat_plants
D:2:      layout_loops_cross, minmay_parallelograms
D:3:      layout_basic, gammafunk_temple_overflow_claw, serial_shops, shop,
          uniq_crazy_yiuf_cottage
D:4:      layout_cave_pods, nicolae_wu_jian_wuxing_cycle, gammafunk_ghost_smash,
          serial_shops, nicolae_shop_just_a_little_nook, kennysheep_diamond,
          minivault_4, nicolae_letterblocks [nicolae_letter_subblock,
          nicolae_letter_subblock, nicolae_letter_subblock,
          nicolae_letter_subblock, nicolae_letter_subblock,
          nicolae_letter_subblock, nicolae_letter_subblock,
          nicolae_letter_subblock, nicolae_letter_subblock,
          nicolae_letter_subblock, nicolae_letter_subblock,
          nicolae_letter_subblock, nicolae_letter_subblock,
          nicolae_letter_subblock, nicolae_letter_subblock,
          nicolae_letter_subblock, nicolae_letter_subblock,
          nicolae_letter_subblock, nicolae_letter_subblock,
          nicolae_letter_subblock, nicolae_letter_subblock,
          nicolae_letter_subblock, nicolae_letter_subblock,
          nicolae_letter_subblock, nicolae_letter_subblock], uniq_sigmund
D:5:      layout_basic, kennysheep_slug_shrine, lemuel_crystal_altar,
          minmay_temple_entry_antechambers, hangedman_decor_opposing,
          skrybe_limestone_x, minmay_misc_feat_rows, kennysheep_generic_room_11,
          uniq_edmund

Skill      XL: |  1  2  3  4  5  6  7 |
---------------+----------------------+-----
Ranged Weapons | 5 6 7 8 |  8.4
Fighting       | 3 4 5 |  5.1
Invocations    | 1 2 |  2.3
Dodging        | 3 |  3.3
Armour         | |  0.1
Stealth        | |  0.7

Action                     |  1- 3 |  4- 6 |  7- 9 || total
---------------------------+-------+-------+-------++-------
   Fire: Shortbow          |   130 |   142 |    84 ||   356
 Invoke: Heroism           |       |     2 |     4 ||     6
    Use: Scroll            |     6 |     1 |     4 ||    11
         Potion            |     1 |     1 |     2 ||     4
 Armour: Leather armour    |    19 |    11 |     3 ||    33
  Dodge: Dodged            |    48 |    58 |    26 ||   132

Table legend:
 A = Non-vault XP
 B = Vault XP
 C = Vault XP percentage of total XP
 D = Non-vault monster count
 E = Vault monster count
 F = Vault count percentage of total count
                 A         B        C        D         E       F
            +---------+---------+-------+---------+---------+-------
      Total |     818 |     246 |  23.1 |      83 |       6 |   6.7
            +---------+---------+-------+---------+---------+-------
        D:1 |      60 |       0 |   0.0 |      34 |       0 |   0.0
        D:2 |      29 |       0 |   0.0 |       9 |       0 |   0.0
        D:3 |      93 |       0 |   0.0 |      16 |       0 |   0.0
        D:4 |     498 |     242 |  32.7 |      19 |       5 |  20.8
        D:5 |     138 |       4 |   2.8 |       5 |       1 |  16.7
            +---------+---------+-------+---------+---------+-------
